TOP OF THE 1ST |
Reading Fightin Phils batting - Pitching for Springfield Cardinals : RHP Jim Vickers
|
Pitching: RHP Jim Vickers
|
|
Batting: RHB Prabhukumar Santhanakrishnan
|
0-0: Ball 1-0: Foul Ball, location: 2F 1-1: Swinging Strike 1-2: Ball 2-2: Ball 3-2: Foul Ball, location: 2F 3-2: SINGLE (Line Drive, 6M, EV 98.1 MPH)
|
Batting: RHB Mark Schultz
|
0-0: Called Strike Balk! Prabhukumar Santhanakrishnan to second 0-1: Foul Ball, location: 2F 0-2: Hit by Pitch
|
Batting: LHB Josh George
|
0-0: Ball 1-0: Foul Ball, location: 2F 1-1: Ball 2-1: Ball 3-1: Grounds into double play, 4-6-3 (Groundball, 4, EV 78.1 MPH) Prabhukumar Santhanakrishnan to third
|
Batting: RHB Abel Surraca
|
0-0: Hit by Pitch
|
Batting: RHB Victor Arroyo
|
0-0: Ball 1-0: Fly out, F8 (Line Drive, 8LM, EV 85.6 MPH)
|
Top of the 1st over - 0 runs, 1 hit, 0 errors, 2 left on base; Reading 0 - Springfield 0 |
BOTTOM OF THE 1ST |
Springfield Cardinals batting - Pitching for Reading Fightin Phils : RHP Georgs Felitti
|
Pitching: RHP Georgs Felitti
|
|
Batting: RHB Fortunato Fteira
|
0-0: Called Strike 0-1: Ball 1-1: DOUBLE (Line Drive, 9LD, EV 108.8 MPH)
|
Batting: LHB Adam Eisen
|
0-0: Fly out, F9 (Flyball, 89D, EV 103.1 MPH) Runner from 2nd tags up, SAFE at 3rd, no throw by RF
|
Batting: RHB Tyler Walker
|
0-0: Ball 1-0: Ball 2-0: Fly out, F8 (Flyball, 8RM, EV 86.2 MPH) Runner from 3rd tags up, SCORES, no throw by CF
|
Batting: RHB Josh Martin
|
0-0: Foul Ball, location: 2F 0-1: Ball 1-1: Ground out 6-3 (Groundball, 6, EV 76.9 MPH)
|
Bottom of the 1st over - 1 run, 1 hit, 0 errors, 0 left on base; Reading 0 - Springfield 1 |
TOP OF THE 2ND |
Reading Fightin Phils batting - Pitching for Springfield Cardinals : RHP Jim Vickers
|
Batting: LHB Alex Fernandez
|
0-0: Called Strike 0-1: SINGLE (Line Drive, 89S, EV 97.5 MPH)
|
Batting: RHB Kyle Reilly
|
0-0: Called Strike 0-1: Ball Wild Pitch! Alex Fernandez to second 1-1: Called Strike 1-2: Strikes out swinging
|
Batting: RHB Jake Cox
|
0-0: Ball 1-0: DOUBLE (Line Drive, 5D, EV 100.0 MPH) Alex Fernandez scores
|
Batting: RHB Josh Baker
|
0-0: Called Strike 0-1: Ball 1-1: Swinging Strike 1-2: Foul Ball, location: 2F 1-2: Strikes out looking
|
Batting: RHB Prabhukumar Santhanakrishnan
|
0-0: Called Strike 0-1: Fly out, F8 (Flyball, 8RM, EV 91.2 MPH)
|
Top of the 2nd over - 1 run, 2 hits, 0 errors, 1 left on base; Reading 1 - Springfield 1 |
BOTTOM OF THE 2ND |
Springfield Cardinals batting - Pitching for Reading Fightin Phils : RHP Georgs Felitti
|
Batting: RHB Josh Lyon
|
0-0: Called Strike 0-1: Ball 1-1: Called Strike 1-2: Ball 2-2: Ball 3-2: Base on Balls
|
Batting: RHB Justin Reich
|
0-0: Ball 1-0: Ball 2-0: Called Strike 2-1: Ball 3-1: Called Strike 3-2: Base on Balls Josh Lyon to second
|
Batting: RHB Jose Rivera
|
0-0: Ball 1-0: SINGLE (Groundball, 56D, EV 103.8 MPH) Josh Lyon to third Justin Reich to second
|
Batting: RHB Immel Kamuzu
|
0-0: Foul Ball, location: 2F 0-1: Called Strike 0-2: Ball 1-2: Strikes out swinging
|
Batting: RHB Tommy Tracy
|
0-0: Ball 1-0: Ball 2-0: Ball 3-0: Called Strike 3-1: Fly out, F8 (Flyball, 8LM, EV 85.0 MPH) Runner from 3rd tags up, OUT at HOME! 8-2
|
Bottom of the 2nd over - 0 runs, 1 hit, 0 errors, 2 left on base; Reading 1 - Springfield 1 |
TOP OF THE 3RD |
Reading Fightin Phils batting - Pitching for Springfield Cardinals : RHP Jim Vickers
|
Batting: RHB Mark Schultz
|
0-0: Ball 1-0: Ball 2-0: Called Strike 2-1: Swinging Strike 2-2: Foul Ball, location: 2F 2-2: Fly out, F2 (Popup, 23F, EV 83.8 MPH)
|
Batting: LHB Josh George
|
0-0: Foul Ball, location: 2F 0-1: Foul Ball, location: 2F 0-2: Ball 1-2: Ball 2-2: Ground out 1-3 (Groundball, 34S, EV 71.2 MPH)
|
Batting: RHB Abel Surraca
|
0-0: Ball 1-0: Foul Ball, location: 2F 1-1: Ball 2-1: Called Strike 2-2: DOUBLE (Line Drive, 7LD, EV 106.9 MPH)
|
Batting: RHB Victor Arroyo
|
0-0: Ball 1-0: Ball 2-0: Ball 3-0: Called Strike 3-1: Ground out 4-3 (Groundball, 4M, EV 85.6 MPH)
|
Top of the 3rd over - 0 runs, 1 hit, 0 errors, 1 left on base; Reading 1 - Springfield 1 |
BOTTOM OF THE 3RD |
Springfield Cardinals batting - Pitching for Reading Fightin Phils : RHP Georgs Felitti
|
Batting: RHB Fortunato Fteira
|
0-0: Ball 1-0: Called Strike 1-1: SINGLE (Line Drive, 8LS, EV 96.9 MPH)
|
Batting: LHB Adam Eisen
|
0-0: Ball Fortunato Fteira steals 2nd base 1-0: Fly out, F3 (Popup, 3, EV 61.2 MPH)
|
Batting: RHB Tyler Walker
|
0-0: Called Strike 0-1: Foul Ball, location: 2F 0-2: Ball 1-2: Ball 2-2: Foul Ball, location: 2F 2-2: Ball 3-2: Ground out 4-3 (Groundball, 4, EV 90.0 MPH) Fortunato Fteira to third
|
Batting: RHB Josh Martin
|
0-0: Called Strike 0-1: Reached on error, E2 (Groundball, 15S, EV 73.1 MPH) Fortunato Fteira scores
|
Batting: RHB Josh Lyon
|
0-0: Called Strike Josh Martin is caught stealing 2nd base 2-4
|
Bottom of the 3rd over - 1 run, 1 hit, 1 error, 0 left on base; Reading 1 - Springfield 2 |
TOP OF THE 4TH |
Reading Fightin Phils batting - Pitching for Springfield Cardinals : RHP Jim Vickers
|
Batting: LHB Alex Fernandez
|
0-0: Ball 1-0: Ball 2-0: SINGLE (Flyball, 8LS, EV 94.4 MPH)
|
Batting: RHB Kyle Reilly
|
0-0: Reached on error, E1 (Groundball, 34S, EV 75.6 MPH) Alex Fernandez to second
|
Batting: RHB Jake Cox
|
0-0: Ball 1-0: Fly out, F4 (Popup, 4M, EV 63.1 MPH)
|
Batting: RHB Josh Baker
|
0-0: Ball 1-0: SINGLE (Line Drive, 9S, EV 88.1 MPH) Alex Fernandez to third Kyle Reilly to second
|
Batting: RHB Prabhukumar Santhanakrishnan
|
0-0: Called Strike 0-1: Swinging Strike 0-2: Ball 1-2: Foul Ball, location: 2F 1-2: Strikes out looking
|
Batting: RHB Mark Schultz
|
0-0: Called Strike 0-1: Foul Ball, location: 2F 0-2: Ball 1-2: Ball 2-2: Foul Ball, location: 2F 2-2: Ball 3-2: Foul Ball, location: 2F 3-2: Base on Balls Alex Fernandez scores Kyle Reilly to third Josh Baker to second
|
Batting: LHB Josh George
|
0-0: Foul Ball, location: 2F 0-1: Ball 1-1: Foul Ball, location: 2F 1-2: Fly out, F5 (Popup, 5L, EV 69.4 MPH)
|
Top of the 4th over - 1 run, 2 hits, 1 error, 3 left on base; Reading 2 - Springfield 2 |
BOTTOM OF THE 4TH |
Springfield Cardinals batting - Pitching for Reading Fightin Phils : RHP Georgs Felitti
|
Batting: RHB Josh Lyon
|
0-0: Ball 1-0: Ball 2-0: Ball 3-0: DOUBLE (Line Drive, 78M, EV 105.6 MPH)
|
Batting: RHB Justin Reich
|
0-0: Ball 1-0: Ball 2-0: SINGLE (Line Drive, 8RS, EV 108.1 MPH) Josh Lyon to third
|
Batting: RHB Jose Rivera
|
Pickoff Throw to First - Out! 1-3 0-0: Ball 1-0: Foul Ball, location: 2F 1-1: Swinging Strike 1-2: Ball 2-2: Ball 3-2: Foul Ball, location: 2F 3-2: Fly out, F9 (Flyball, 9D, EV 91.9 MPH) Runner from 3rd tags up, SCORES, no throw by RF
|
Batting: RHB Immel Kamuzu
|
0-0: Ball 1-0: Ball 2-0: Ball 3-0: Base on Balls
|
Batting: RHB Tommy Tracy
|
0-0: Ball 1-0: Called Strike 1-1: Fly out, F9 (Flyball, 9, EV 91.9 MPH)
|
Bottom of the 4th over - 1 run, 2 hits, 0 errors, 1 left on base; Reading 2 - Springfield 3 |
TOP OF THE 5TH |
Reading Fightin Phils batting - Pitching for Springfield Cardinals : RHP Jim Vickers
|
Batting: RHB Abel Surraca
|
0-0: Ball 1-0: Fly out, F8 (Flyball, 8RD, EV 93.8 MPH)
|
Batting: RHB Victor Arroyo
|
0-0: Ball 1-0: Swinging Strike 1-1: Swinging Strike 1-2: Foul Ball, location: 2F 1-2: Fly out, F7 (Flyball, 7, EV 83.8 MPH)
|
Batting: LHB Alex Fernandez
|
0-0: Ball 1-0: Foul Ball, location: 2F 1-1: Fly out, F8 (Line Drive, 8LM, EV 90.6 MPH)
|
Top of the 5th over - 0 runs, 0 hits, 0 errors, 0 left on base; Reading 2 - Springfield 3 |
BOTTOM OF THE 5TH |
Springfield Cardinals batting - Pitching for Reading Fightin Phils : RHP Georgs Felitti
|
Batting: RHB Fortunato Fteira
|
0-0: Ball 1-0: Ball 2-0: Foul Ball, location: 2F 2-1: Foul Ball, location: 2F 2-2: Ball 3-2: Strikes out swinging
|
Batting: LHB Adam Eisen
|
0-0: Foul Ball, location: 2F 0-1: Foul Ball, location: 2F 0-2: Strikes out swinging
|
Batting: RHB Tyler Walker
|
0-0: Ball 1-0: Ball 2-0: Ball 3-0: Called Strike 3-1: Foul Ball, location: 2F 3-2: Foul Ball, location: 2F 3-2: Foul Ball, location: 2F 3-2: Ground out 4-3 (Groundball, 34D, EV 97.5 MPH)
|
Bottom of the 5th over - 0 runs, 0 hits, 0 errors, 0 left on base; Reading 2 - Springfield 3 |
TOP OF THE 6TH |
Reading Fightin Phils batting - Pitching for Springfield Cardinals : RHP Jim Vickers
|
Batting: RHB Kyle Reilly
|
0-0: Foul Ball, location: 2F 0-1: Ball 1-1: Ground out 6-3 (Groundball, 6M, EV 88.1 MPH)
|
Batting: RHB Jake Cox
|
0-0: Ball 1-0: Foul Ball, location: 2F 1-1: Foul Ball, location: 2F 1-2: Ball 2-2: SINGLE (Groundball, 6MD, EV 109.4 MPH)
|
Batting: RHB Josh Baker
|
0-0: Foul Ball, location: 2F 0-1: Ball 1-1: Called Strike 1-2: Ball 2-2: Fly out, F9 (Line Drive, 9S, EV 93.1 MPH)
|
Batting: RHB Prabhukumar Santhanakrishnan
|
0-0: Swinging Strike 0-1: Ball 1-1: Called Strike 1-2: Strikes out swinging
|
Top of the 6th over - 0 runs, 1 hit, 0 errors, 1 left on base; Reading 2 - Springfield 3 |
BOTTOM OF THE 6TH |
Springfield Cardinals batting - Pitching for Reading Fightin Phils : RHP Georgs Felitti
|
Pitching: LHP Roger Farley
|
|
Batting: RHB Josh Martin
|
0-0: TRIPLE (Line Drive, 78XD, EV 98.8 MPH)
|
Batting: RHB Josh Lyon
|
0-0: SINGLE (Groundball, 6M, EV 83.1 MPH) (infield hit) Josh Martin scores
|
Batting: RHB Justin Reich
|
0-0: Ball 1-0: Ball 2-0: Foul Ball, location: 2F 2-1: Fly out, F7 (Flyball, 7, EV 83.8 MPH)
|
Batting: RHB Jose Rivera
|
0-0: Ball 1-0: Ball 2-0: Called Strike 2-1: Ball 3-1: Base on Balls Josh Lyon to second
|
Batting: RHB Immel Kamuzu
|
0-0: Foul Ball, location: 2F 0-1: Ball 1-1: Swinging Strike 1-2: Foul Ball, location: 2F 1-2: Fly out, F8 (Flyball, 8LS, EV 78.1 MPH)
|
Batting: RHB Tommy Tracy
|
0-0: Ground out 5-3 (Groundball, 56S, EV 70.6 MPH)
|
Bottom of the 6th over - 1 run, 2 hits, 0 errors, 2 left on base; Reading 2 - Springfield 4 |
TOP OF THE 7TH |
Reading Fightin Phils batting - Pitching for Springfield Cardinals : RHP Jim Vickers
|
Batting: RHB Mark Schultz
|
0-0: Called Strike 0-1: Ball 1-1: Fly out, F9 (Flyball, 9, EV 89.4 MPH)
|
Batting: LHB Josh George
|
0-0: Ball 1-0: Called Strike 1-1: Ball 2-1: Ball 3-1: Foul Ball, location: 2F 3-2: Foul Ball, location: 2F 3-2: DOUBLE (Line Drive, 89D, EV 114.4 MPH)
|
Batting: RHB Abel Surraca
|
0-0: Ball 1-0: Ball 2-0: Ball 3-0: Called Strike 3-1: Base on Balls
|
Batting: RHB Victor Arroyo
|
0-0: Called Strike 0-1: Ball 1-1: Ball 2-1: Ball 3-1: Base on Balls Josh George to third Abel Surraca to second
|
Batting: LHB Alex Fernandez
|
0-0: Foul Ball, location: 2F 0-1: Called Strike 0-2: Ball 1-2: Ball 2-2: Strikes out swinging
|
Pitching: LHP Drew Roemer
|
|
Batting: RHB Kyle Reilly
|
0-0: Ball 1-0: Called Strike 1-1: Foul Ball, location: 2F 1-2: Strikes out swinging
|
Top of the 7th over - 0 runs, 1 hit, 0 errors, 3 left on base; Reading 2 - Springfield 4 |
BOTTOM OF THE 7TH |
Springfield Cardinals batting - Pitching for Reading Fightin Phils : LHP Roger Farley
|
Batting: RHB Fortunato Fteira
|
0-0: Ball 1-0: Ball 2-0: Foul Ball, location: 2F 2-1: Foul Ball, location: 2F 2-2: Ground out 6-3 (Groundball, 6, EV 83.1 MPH)
|
Batting: LHB Adam Eisen
|
0-0: Ground out 6-3 (Groundball, 6, EV 88.8 MPH)
|
Batting: RHB Tyler Walker
|
0-0: Ball 1-0: Called Strike 1-1: Swinging Strike 1-2: Strikes out swinging
|
Bottom of the 7th over - 0 runs, 0 hits, 0 errors, 0 left on base; Reading 2 - Springfield 4 |
TOP OF THE 8TH |
Reading Fightin Phils batting - Pitching for Springfield Cardinals : LHP Drew Roemer
|
Now in CF: Josh Broome
|
|
Now in RF: Adam Eisen
|
|
Batting: RHB Jake Cox
|
0-0: Called Strike 0-1: Ball 1-1: Ground out 4-3 (Groundball, 4, EV 105.0 MPH)
|
Batting: RHB Josh Baker
|
0-0: Foul Ball, location: 2F 0-1: Called Strike 0-2: Strikes out swinging
|
Batting: RHB Prabhukumar Santhanakrishnan
|
0-0: Ball 1-0: Fly out, F8 (Flyball, 89D, EV 92.5 MPH)
|
Top of the 8th over - 0 runs, 0 hits, 0 errors, 0 left on base; Reading 2 - Springfield 4 |
BOTTOM OF THE 8TH |
Springfield Cardinals batting - Pitching for Reading Fightin Phils : LHP Roger Farley
|
Pitching: RHP Pat Richardson
|
|
Batting: RHB Josh Martin
|
0-0: Called Strike 0-1: Ball 1-1: Ball 2-1: Foul Ball, location: 2F 2-2: Strikes out swinging
|
Batting: RHB Josh Lyon
|
0-0: Ball 1-0: Ball 2-0: Fly out, F7 (Flyball, 7, EV 90.0 MPH)
|
Batting: RHB Justin Reich
|
0-0: Called Strike 0-1: Ball 1-1: Swinging Strike 1-2: Strikes out looking
|
Bottom of the 8th over - 0 runs, 0 hits, 0 errors, 0 left on base; Reading 2 - Springfield 4 |
TOP OF THE 9TH |
Reading Fightin Phils batting - Pitching for Springfield Cardinals : LHP Drew Roemer
|
Pitching: RHP Pabiyan Vetlitsky
|
|
Now at 1B: John Parra
|
|
Batting: RHB Mark Schultz
|
0-0: Ground out 1-3 (Groundball, 34S, EV 64.4 MPH)
|
Batting: LHB Josh George
|
0-0: Ball 1-0: Foul Ball, location: 2F 1-1: SOLO HOME RUN (Flyball, 7D, EV 101.2 MPH), Distance : 397 ft
|
Batting: RHB Abel Surraca
|
0-0: Swinging Strike 0-1: Ball 1-1: Foul Ball, location: 2F 1-2: Strikes out swinging
|
Batting: RHB Victor Arroyo
|
0-0: Ball 1-0: Foul Ball, location: 2F 1-1: Ball 2-1: Foul Ball, location: 2F 2-2: Ball 3-2: Strikes out swinging
|
Top of the 9th over - 1 run, 1 hit, 0 errors, 0 left on base; Reading 3 - Springfield 4 |
|